 Dungeon Crawl Stone Soup version 0.19-a0-683-g5f2401d (webtiles) character file.

1409 Geppetto the Carver (level 9, -7/69 HPs)
             Began as a Human Fighter on June 17, 2016.
             Was a Believer of the Shining One.
             Killed from afar by a steam dragon (14 damage)
             ... with a ball of steam
             ... on level 6 of the Dungeon.
             The game lasted 00:21:00 (5904 turns).

Geppetto the Carver (Human Fighter)                 Turns: 5904, Time: 00:21:01

Health: -7/69      AC:  4    Str: 20    XL:     9   Next: 1%
Magic:  9/9        EV:  9    Int: 18    God:    the Shining One [**....]
Gold:   211        SH: 10    Dex: 18    Spells: 0 memorised, 8 levels left

rFire  . . .     SeeInvis .     a - +0 long sword
rCold  . . .     Gourm    .     D - +1 robe of Time Monsters {-Cast Str+3 Int+10 Slay+3}
rNeg   + . .     Faith    .     c - +0 shield
rPois  +         Spirit   .     (no helmet)
rElec  .         Dismiss  .     (no cloak)
rCorr  .         Reflect  .     u - +0 pair of gloves
SustAt .         Harm     .     (no boots)
MR     .....     NoCast   +     (no amulet)
Stlth  +.........               m - ring of poison resistance
                                (no ring)

@: glowing, not resistant to hostile enchantments, very unstealthy
A: agile 1, poison resistance
a: Divine Shield, Renounce Religion


You were on level 6 of the Dungeon.
You worshipped the Shining One.
The Shining One was pleased with you.
You were not hungry.

You visited 1 branch of the dungeon, and saw 6 of its levels.
You also visited: Sewer.

You collected 286 gold pieces.
You spent 75 gold pieces at shops.

Inventory:

Hand Weapons
 a - a +0 long sword (weapon)
Missiles
 h - 146 stones (quivered)
Armour
 b - a +0 scale mail
 c - a +0 shield (worn)
 u - a +0 pair of gloves (worn)
 D - the +1 robe of Time Monsters (worn) {-Cast Str+3 Int+10 Slay+3}
   (You found it on level 5 of the Dungeon)

   It affects your strength (+3).
   It affects your intelligence (+10).
   It affects your accuracy and damage with ranged weapons and melee attacks
   (+3).
   It prevents spellcasting.
Jewellery
 m - a ring of poison resistance (right hand)
 o - an uncursed ring of ice
Wands
 g - a wand of teleportation (8/9)
 y - a wand of paralysis (16/24)
Scrolls
 n - a scroll of blinking
 s - a scroll of teleportation
 t - 2 scrolls of enchant weapon
 x - 2 scrolls of recharging
 B - a scroll of remove curse
 C - a scroll of fear
Potions
 d - 2 potions of flight
 e - 2 potions of cancellation
 i - 2 potions of heal wounds
 k - 2 potions of brilliance
 l - a potion of resistance
 q - a potion of cure mutation {unknown}
 r - 4 potions of curing
 z - a potion of invisibility {unknown}
 E - 2 potions of magic
Comestibles
 f - 4 bread rations
 j - a beef jerky
 p - 3 fruits
 v - 2 meat rations
 w - a royal jelly
 A - 5 chunks of flesh


   Skills:
 + Level 6.3 Fighting
 * Level 8.3 Long Blades
 - Level 3.0 Armour
 + Level 4.6 Shields


You had 8 spell levels left.
You didn't know any spells.

Dungeon Overview and Level Annotations

Branches:
Dungeon (6/15)
 Temple: D:4-7

Altars:
Sif Muna
Yredelemnul
The Shining One

Shops:
D:4 *

Annotations:
D:3 exclusion: door
D:4 exclusion: downstairs


Innate Abilities, Weirdness & Mutations

You are agile. (Dex +2)
Your system is resistant to poisons. (rPois)


Message History

A worker ant comes into view.
You hit the steam dragon.
The steam dragon is severely wounded.
The steam dragon bites you. The steam dragon claws you.
You hit the steam dragon.
The steam dragon is severely wounded.
The steam dragon breathes steam at you. The ball of steam hits you!
The steam scalds you terribly!
* * * LOW HITPOINT WARNING * * *
Put on which piece of jewellery? (? for menu, Esc to quit)
Okay, then.
You remove your ring of ice.
You closely miss the steam dragon.
The steam dragon is severely wounded.
The steam dragon bites you!
* * * LOW HITPOINT WARNING * * *
You block the steam dragon's attack. The steam dragon breathes steam at you.
The ball of steam hits you!
You die...

##.......##
##.........##
##...........#
.............#
##...........#
##.........##
##.......##
####.#### #
#@# #..###ยง#
#....aD#
#...)..#
#..###..# #.
#.... # #....#
.....# .>...#


You could see a steam dragon and a worker ant.

Vanquished Creatures
  Sigmund (D:6)
  Duvessa (D:6)
  Purgy (Sewer)
  2 sky beasts (D:5)
  2 ogres
  A giant frog (D:5)
  Dowan (D:6)
  A howler monkey (D:6)
  A jelly (D:5)
  A crimson imp (D:5)
  A hound (D:5)
  An orc priest (D:3)
  3 worker ants (D:4)
  3 iguanas
  A hound zombie (D:4)
  A hound skeleton (D:4)
  2 worker ant zombies
  A howler monkey zombie (D:4)
  8 adders
  An ooze (D:4)
  An adder zombie (D:4)
  3 dart slugs
  3 worms
  8 giant geckos
  10 orcs
  A ball python (D:5)
  5 bats
  8 giant cockroaches
  7 goblins
  9 hobgoblins
  7 jackals
  11 kobolds
  4 quokkas
  A giant cockroach zombie (D:4)
  11 giant newts
  A quokka skeleton (D:6)
  4 rats
128 creatures vanquished.

Notes
Turn   | Place    | Note
--------------------------------------------------------------
     0 | D:1      | Geppetto the Human Fighter began the quest for the Orb.
     0 | D:1      | Reached XP level 1. HP: 18/18 MP: 1/1
   235 | D:1      | Reached XP level 2. HP: 20/24 MP: 2/2
   586 | D:1      | Reached skill level 3 in Long Blades
   586 | D:1      | Reached XP level 3. HP: 22/29 MP: 3/3
   709 | D:1      | Found a glowing golden altar of the Shining One.
   777 | D:1      | Became a worshipper of the Shining One
  1441 | D:3      | Reached XP level 4. HP: 27/35 MP: 4/4
  1629 | D:3      | Found a glowing drain.
  1661 | Sewer    | Entered a sewer
  1787 | Sewer    | Noticed Purgy
  1796 | Sewer    | Killed Purgy
  1796 | Sewer    | Reached skill level 4 in Long Blades
  1796 | Sewer    | Reached XP level 5. HP: 32/42 MP: 5/5
  2046 | D:3      | Found a basalt altar of Yredelemnul.
  2073 | D:3      | Reached skill level 5 in Long Blades
  2073 | D:3      | Reached XP level 6. HP: 40/48 MP: 6/6
  2313 | D:3      | Reached * piety under the Shining One
  2714 | D:3      | Found a deep blue altar of Sif Muna.
  2809 | D:4      | Noticed an ogre
  2826 | D:4      | Killed an ogre
  2826 | D:4      | Reached XP level 7. HP: 16/55 MP: 7/7
  3165 | D:4      | Reached skill level 6 in Long Blades
  3261 | D:4      | Reached skill level 5 in Fighting
  3462 | D:4      | Found Mytyl's General Store.
  3471 | D:4      | Bought a scroll of enchant weapon for 75 gold pieces
  4030 | D:5      | Entered Level 5 of the Dungeon
  4063 | D:5      | Gained mutation: You are agile. (Dex +2) [potion of beneficial mutation]
  4064 | D:5      | Gained mutation: Your system is resistant to poisons. (rPois) [potion of beneficial mutation]
  4849 | D:5      | Reached ** piety under the Shining One
  4873 | D:5      | Reached skill level 7 in Long Blades
  4873 | D:5      | Reached XP level 8. HP: 57/63 MP: 8/8
  5098 | D:5      | Got a dull robe
  5115 | D:5      | Identified the cursed +1 robe of Time Monsters {-Cast Str+3 Int+10 Slay+3} (You found it on level 5 of the Dungeon)
  5617 | D:6      | Noticed Duvessa
  5617 | D:6      | Noticed Dowan
  5619 | D:6      | Noticed Sigmund
  5638 | D:6      | Killed Dowan
  5645 | D:6      | Killed Duvessa
  5645 | D:6      | Reached skill level 8 in Long Blades
  5648 | D:6      | Killed Sigmund
  5806 | D:6      | Reached XP level 9. HP: 57/69 MP: 9/9
  5904 | D:6      | Killed from afar by a steam dragon

Vault maps used:
D:1:      eino_arrival_cavern_e, fountainhead, tso_altar
D:3:      corexii_shack_village, overflow_temple_1_default, led_sif_book,
          gup_sewer_entry_pipe
D:4:      serial_shops, shop, serial_undead, serial_undead_b, serial_undead_e,
          serial_undead_c, serial_undead_d, hangedman_abyss_or_decor_stagger
D:5:      first_bread, fountainhead
D:6:      gammafunk_temple_overflow_claw, kennysheep_mini_moat,
          grunt_qazlal_clouds, uniq_duvessa, uniq_sigmund, uniq_menkaure
Sewer:    sewer_co_purgy_island

Skill      XL: |  1  2  3  4  5  6  7  8 |
---------------+-------------------------+-----
Long Blades    | 3 4 5 7 8 |  8.3
Fighting       | 4 5 6 |  6.3
Shields        | 4 |  4.6
Armour         | |  3.0

Action                   |  1- 3 |  4- 6 |  7- 9 || total
-------------------------+-------+-------+-------++-------
Melee: Long sword        |    96 |   162 |   215 ||   473
Invok: Divine Shield     |       |       |     1 ||     1
  Use: Scroll            |     3 |     5 |     9 ||    17
       Potion            |       |     1 |     3 ||     4
  Eat: Chunk             |     2 |     5 |    10 ||    17
Armor: Scale mail        |    37 |    50 |    43 ||   130
       Robe              |       |       |    11 ||    11
Dodge: Dodged            |    31 |    46 |    47 ||   124
Block: Shield            |    38 |    75 |    99 ||   212
